Map: Oxide LE

Players

PattyMac

  • Race: Protoss Protoss
  • League: Grandmaster

PureLegacy - Winner!

  • Race: Terran Terran

Event: DreamHack SC2 Masters 2021 Summer

VOD

Have the link to the VOD?

Description

Time

  • Played on: May 28, 2021, 3:47 p.m.
  • Length: 9:31

All games in this series

Show
View Real Time Build Order
Export as new Build Order

PattyMac Protoss 

Build Orders: 1 Gate Expand, Blink Stalkers 

Get SALT Encoding   

  12  0:00  Probe  
  13  0:12  Probe  
  14  0:16  Pylon  
  14  0:24  Probe (Chrono Boost)  
  16  0:36  Probe (Chrono Boost)  
  16  0:37  Gateway  
  16  0:41  Probe (Chrono Boost)  
  16  0:45  Assimilator  
  17  0:53  Probe  
  18  1:05  Probe  
  19  1:17  Probe  
  20  1:25  Cybernetics Core  
  20  1:32  Nexus  
  20  1:34  Probe  
  21  1:41  Pylon  
  21  1:48  Probe  
  21  1:50  Assimilator  
  22  1:59  Adept (Chrono Boost)  
  23  2:01  Probe (Chrono Boost)  
  23  2:02  Warp Gate  
  25  2:13  Probe (Chrono Boost)  
  26  2:18  Probe (Chrono Boost)  
  26  2:21  Stalker  
  29  2:31  Probe  
  30  2:39  Twilight Council  
  30  2:44  Probe (Chrono Boost)  
  32  2:48  Probe (Chrono Boost)  
  32  2:53  Probe (Chrono Boost)  
  32  2:55  Robotics Facility  
  32  2:56  Probe (Chrono Boost)  
  32  2:58  Probe (Chrono Boost)  
  35  3:07  Probe  
  35  3:10  Probe  
  37  3:14  Pylon  
  37  3:19  Probe  
  36  3:20  Blink (Chrono Boost)  
  36  3:22  Gateway  
  36  3:23  Probe, Gateway  
  37  3:31  Probe  
  38  3:36  Gateway  
  38  3:40  Warp Prism (Chrono Boost)  
  39  3:45  Probe  
  39  3:46  Probe  
  42  3:51  Stalker  
  44  3:56  Pylon  
  44  3:57  Probe  
  44  4:01  Probe  
  44  4:11  Probe  
  44  4:14  Observer  
  44  4:16  Probe  
  45  4:18  Assimilator  
  45  4:23  Probe  
  45  4:24  Stalker x3  
  48  4:29  Probe  
  53  4:32  Stalker  
  53  4:35  Probe  
  56  4:46  Pylon  
  56  4:49  Stalker x3  
  62  4:55  Pylon  
  62  4:56  Pylon  
  62  4:59  Probe  
  62  5:06  Pylon  
  54  5:09  Stalker  
  54  5:13  Stalker  
  51  5:35  Probe x2  
  43  5:47  Probe  
  40  5:56  Probe (Chrono Boost)  
  39  5:59  Probe (Chrono Boost)  
  40  6:04  Nexus  
  40  6:07  Probe (Chrono Boost)  
  40  6:08  Probe (Chrono Boost)  
  42  6:12  Probe (Chrono Boost)  
  42  6:13  Probe (Chrono Boost)  
  42  6:25  Probe x2 (Chrono Boost)  
  44  6:36  Probe (Chrono Boost)  
  44  6:38  Probe (Chrono Boost)  
  44  6:39  Charge (Chrono Boost)  
  46  6:41  Probe (Chrono Boost)  
  46  6:46  Probe (Chrono Boost)  
  48  6:52  Probe (Chrono Boost)  
  49  6:54  Gateway  
  49  6:55  Gateway  
  50  7:04  Probe x2 (Chrono Boost)  
  51  7:09  Probe (Chrono Boost)  
  51  7:12  Probe (Chrono Boost)  
  51  7:15  Observer, Gateway, Zealot  
  56  7:16  Gateway  
  56  7:18  Probe (Chrono Boost)  
  59  7:23  Probe (Chrono Boost), Zealot  
  59  7:25  Sentry  
  59  7:28  Probe x2 (Chrono Boost)  
  59  7:29  Zealot  
  66  7:32  Probe (Chrono Boost)  
  66  7:34  Probe x2 (Chrono Boost)  
  69  7:39  Zealot  
  69  7:42  Probe  
  72  7:44  Zealot  
  72  7:46  Probe  
  72  7:47  Probe  
  72  7:49  Zealot  
  72  7:50  Zealot  
  80  7:54  Probe  
  80  7:56  Stalker  
  83  8:07  Zealot x3  
  87  8:21  Zealot x5  
  87  8:26  Observer  
  66  8:48  Zealot x6  
  66  8:49  Zealot x2, Immortal (Chrono Boost)  
  81  8:57  Shield Battery  
  81  9:03  Templar Archives  
  81  9:05  Pylon  
  81  9:08  Zealot x2  
  81  9:09  Pylon, Zealot x2  
  86  9:13  Sentry  
  86  9:14  Sentry  
  86  9:15  Zealot  
  90  9:23  Zealot  
Show
View Real Time Build Order
Export as new Build Order

PureLegacy Terran - Winner!

Build Orders: Reaper Expand 

Get SALT Encoding   

  12  0:01  SCV  
  13  0:13  SCV  
  14  0:17  Supply Depot  
  14  0:25  SCV  
  15  0:39  SCV, Barracks  
  16  0:44  Refinery  
  16  0:51  SCV  
  17  1:03  SCV  
  18  1:15  SCV  
  19  1:27  Reaper, Orbital Command  
  20  1:46  Command Center  
  20  1:51  Supply Depot  
  20  1:54  SCV  
  20  1:59  Marine  
  22  2:06  SCV  
  23  2:12  Factory  
  23  2:17  Refinery  
  23  2:21  SCV  
  23  2:22  Barracks Reactor  
  24  2:33  SCV  
  25  2:41  Bunker  
  25  2:45  SCV  
  26  2:57  SCV  
  26  2:58  Orbital Command  
  27  3:01  Starport  
  27  3:10  SCV  
  27  3:16  Hellion x2  
  31  3:22  SCV  
  31  3:25  SCV  
  33  3:32  Barracks Tech Lab  
  34  3:34  SCV  
  34  3:38  Hellion x2  
  34  3:39  SCV  
  34  3:40  Medivac  
  41  3:46  SCV, Supply Depot  
  42  3:52  SCV  
  43  3:58  SCV  
  43  3:59  Hellion  
  46  4:07  Hellion  
  46  4:09  SCV  
  48  4:13  SCV  
  48  4:15  Supply Depot  
  45  4:18  Starport Tech Lab  
  45  4:19  Bunker  
  45  4:21  SCV  
  46  4:26  SCV  
  46  4:28  Barracks  
  46  4:29  Barracks  
  47  4:33  SCV, Marine x2  
  47  4:34  Bunker  
  47  4:38  SCV, Supply Depot  
  51  4:39  Siege Tank  
  51  4:42  Raven  
  51  4:45  SCV  
  57  4:50  SCV  
  57  4:51  Marine x2  
  60  4:53  Refinery  
  60  4:57  SCV  
  61  5:06  Supply Depot  
  61  5:09  Marine x2  
  61  5:11  Siege Tank  
  65  5:17  Marine  
  65  5:18  Marine  
  64  5:27  Marine x2  
  64  5:33  Viking  
  64  5:35  Marine x2  
  60  5:43  Orbital Command, Siege Tank  
  60  5:44  Marine  
  60  5:45  Marine  
  65  5:55  Marine  
  64  6:07  Marine  
  64  6:10  Stimpack  
  65  6:11  Starport Reactor  
  62  6:21  Marauder  
  62  6:23  SCV x2  
  67  6:27  Engineering Bay  
  67  6:32  Marauder, Concussive Shells  
  69  6:33  Marine x2  
  69  6:35  SCV x2  
  69  6:38  Refinery  
  72  6:42  Supply Depot  
  72  6:45  Supply Depot  
  74  6:47  SCV x2  
  74  6:54  Terran Infantry Weapons Level 1, Missile Turret  
  76  6:55  Missile Turret  
  76  6:58  Marauder  
  78  7:03  Marine x2  
  78  7:04  Medivac  
  78  7:05  Medivac  
  78  7:07  Supply Depot  
  84  7:15  Barracks  
  84  7:16  Barracks, Combat Shield  
  84  7:19  Marine  
  84  7:21  Marauder  
  84  7:22  Marine x2  
  86  7:31  SCV x2  
  86  7:32  Supply Depot x2  
  86  7:36  Medivac x2  
  94  7:37  Marauder  
  94  7:39  Factory Reactor  
  94  7:42  Marauder, Marine  
  94  7:43  Marine  
  98  7:55  Supply Depot  
  98  7:56  Supply Depot  
  100  7:58  Marauder  
  100  8:00  Marine x2  
  100  8:03  Barracks Reactor, Barracks Tech Lab  
  102  8:10  Marauder  
  104  8:18  Marine x2  
  104  8:19  Supply Depot  
  108  8:20  Marauder  
  108  8:23  Marauder  
  108  8:25  Widow Mine x2  
  114  8:31  Marauder  
  115  8:36  Marine x2  
  115  8:38  Medivac  
  106  8:48  Medivac  
  104  8:51  Marauder x2, Marine x2  
  104  8:52  Widow Mine  
  104  8:53  Widow Mine  
  104  8:55  Supply Depot  
  114  9:01  Marauder, Marine x2  
Tags
 
Add a new tag
Caveats
  • Supply blocks, unpowered buildings, or Contaminate may cause inaccurate times.
  • Supply counts are checked every 10 seconds.